[Event "DVM U14 2024"]
[Site "Heidelberg"]
[Date "2024.12.27"]
[Round "2"]
[White "Retzlaff, Nick"]
[Black "Bock, Leonas"]
[Result "1/2-1/2"]
[ECO "B33"]
[WhiteElo "1979"]
[BlackElo "1668"]
[Annotator "RC"]
[PlyCount "144"]
[EventDate "2024.12.23"]
[EventType "team-tourn"]
[EventRounds "7"]
[EventCountry "GER"]
[SourceTitle "playchess.com"]
[Source "ChessBase"]
[SourceQuality "1"]
[TimeControl "40/5400+30:1800+30"]

1. e4 c5 2. Nf3 Nc6 3. d4 cxd4 4. Nxd4 Nf6 5. Nc3 e5 6. Ndb5 d6 7. Bg5 a6 8. Na3 b5 9. Nd5 Be7 10. Bxf6 Bxf6 11. c3 O-O 12. Be2 Bg5 13. Nc2 f5 14. exf5 Bxf5 15. Nce3 Be6 16. Bg4 Bxg4 17. Qxg4 Ra7 18. O-O Raf7 19. Rad1 Bxe3 20. Nxe3 Rf6 21. Qe4 Qc8 22. c4 Nd4 23. Nd5 R6f7 24. cxb5 Qc4 25. Nc3 axb5 26. a3 Rf4 27. Qd5+ Qxd5 28. Nxd5 Ne2+ 29. Kh1 Rxf2 30. Ne7+ Kh8 31. Rxf2 Rxf2 32. h3 Nd4 33. b4 Ra2 34. Nc8 Rxa3 35. Nxd6 h6 36. Nf7+ Kg8 37. Nxe5 Nc2 38. Rd5 Nxb4 39. Rxb5 Nd3 40. Rb8+ Kh7 41. Nf3 Nf4 42. Rf8 Ne6 43. Rf5 Ra4 44. Rf7 Ra5 45. h4 Rd5 46. Re7 Nd4 47. Ne5 Nf5 48. Re6 Nxh4 49. Ng4 Rg5 50. Ne3 Nf5 51. Nxf5 Rxf5 52. Kh2 Rh5+ 53. Kg3 Rg5+ 54. Kh3 Rh5+ 55. Kg3 Rg5+ 56. Kh3 Rg6 57. Re7 Rb6 58. g3 Kg6 59. Re5 Rf6 60. Kg4 Ra6 61. Re4 h5+ 62. Kh4 Ra1 63. g4 hxg4 64. Kxg4 Rg1+ 65. Kf3 Kh5 66. Re8 g6 67. Rg8 Ra1 68. Rb8 Ra3+ 69. Kg2 g5 70. Rb2 Kh4 71. Rb4+ g4 72. Rb2 Ra4 1/2-1/2

[Event "DVM U14 2024"]
[Site "Heidelberg"]
[Date "2024.12.27"]
[Round "2"]
[White "Hempel, Lorenz"]
[Black "Meijers, Janis"]
[Result "1-0"]
[ECO "B11"]
[WhiteElo "1960"]
[BlackElo "1783"]
[Annotator "NA RC"]
[PlyCount "127"]
[EventDate "2024.12.23"]
[EventType "team-tourn"]
[EventRounds "7"]
[EventCountry "GER"]
[SourceTitle "playchess.com"]
[Source "ChessBase"]
[SourceQuality "1"]
[TimeControl "40/5400+30:1800+30"]

1. e4 c6 2. Nc3 d5 3. Nf3 dxe4 4. Nxe4 Nf6 5. Qe2 Nxe4 6. Qxe4 Qa5 7. Bc4 Bf5 8. Qe5 Qxe5+ 9. Nxe5 e6 10. d3 Bd6 11. f4 Nd7 12. g4 $15 Bg6 13. Nxg6 hxg6 14. Bd2 Rh4 15. h3 Nf6 16. Kf2 Nd5 17. Kf3 Kd7 18. Be1 Rh7 19. Bg3 Rah8 20. h4 Be7 21. Rh2 g5 22. fxg5 Bxg5 23. Rah1 Bf6 24. Bb3 b6 25. c3 a5 26. c4 Nb4 27. a3 Na6 28. d4 Kc8 29. d5 Nc5 30. Bc2 g6 31. b4 axb4 32. axb4 Na6 33. dxc6 Nxb4 34. Be4 Bd4 35. Rb1 f5 36. gxf5 gxf5 37. Bxf5 exf5 38. Rxb4 Ra7 39. Rb3 Re8 40. Rd2 Be5 41. Re2 Rae7 42. Rbe3 Bf6 43. Rxe7 Rxe7 44. Rxe7 Bxe7 45. h5 Bf8 46. Bf4 Bg7 47. h6 Bxh6 48. Bxh6 Kc7 49. Be3 Kxc6 50. Ke2 f4 51. Bf2 b5 52. c5 b4 53. Kd3 Kb5 54. Kc2 Kc6 55. Kb3 Kb5 56. Bg1 f3 57. Bf2 Ka5 58. Kc4 Ka6 59. Kxb4 Ka7 60. c6+ Ka8 61. Kc5 Ka7 62. Kd6+ Kb8 63. Kd7 Ka8 64. c7 1-0

[Event "DVM U14 2024"]
[Site "Heidelberg"]
[Date "2024.12.27"]
[Round "2"]
[White "Steinbrenner, Peter"]
[Black "Ramming, Moritz"]
[Result "0-1"]
[ECO "A00"]
[WhiteElo "1946"]
[BlackElo "1769"]
[Annotator "RC"]
[PlyCount "92"]
[EventDate "2024.12.23"]
[EventType "team-tourn"]
[EventRounds "7"]
[EventCountry "GER"]
[SourceTitle "playchess.com"]
[Source "ChessBase"]
[SourceQuality "1"]
[TimeControl "40/5400+30:1800+30"]

1. b4 d5 2. Bb2 Nf6 3. e3 Bg4 4. Nf3 Nbd7 5. Be2 e6 6. b5 Bd6 7. d4 O-O 8. Nbd2 Re8 9. c4 dxc4 10. Nxc4 Bb4+ 11. Kf1 Ne4 12. Qb3 Bf8 13. Bd3 Ndc5 14. Qc2 Nxd3 15. Qxd3 Bf5 16. Qe2 a6 17. bxa6 Rxa6 18. Nfe5 Nd6 19. Nd2 Rb6 20. Nb3 f6 21. Nf3 Bg6 22. g3 Qa8 23. Kg2 Ra6 24. Rhc1 c6 25. Bc3 Ne4 26. Be1 Qa7 27. Nh4 Bf7 28. f3 e5 29. Qc2 Nd6 30. dxe5 Rxe5 31. Bf2 Nc4 32. e4 Ne3+ 33. Bxe3 Qxe3 34. Nf5 Qa7 35. Rd1 Ra3 36. Rd8 Rxb3 37. Qd2 Re8 38. Rxe8 Bxe8 39. Qd8 Rb2+ 40. Kh3 Bh5 41. Nxg7 Kxg7 42. e5 Qf2 43. Qxf6+ Kg8 44. Qg5+ Bg6 45. Rd1 Qxf3 46. Rd8 Qg2+ 0-1

[Event "DVM U14 2024"]
[Site "Heidelberg"]
[Date "2024.12.27"]
[Round "2"]
[White "Bauer, Laura Sophie"]
[Black "Klein, Levent"]
[Result "1-0"]
[ECO "B19"]
[WhiteElo "1926"]
[BlackElo "1985"]
[Annotator "RC"]
[PlyCount "114"]
[EventDate "2024.12.23"]
[EventType "team-tourn"]
[EventRounds "7"]
[EventCountry "GER"]
[SourceTitle "playchess.com"]
[Source "ChessBase"]
[SourceQuality "1"]
[TimeControl "40/5400+30:1800+30"]

1. e4 c6 2. d4 d5 3. Nc3 dxe4 4. Nxe4 Bf5 5. Ng3 Bg6 6. h4 h6 7. Nf3 Nd7 8. Bd3 Bxd3 9. Qxd3 e6 10. Bf4 Ngf6 11. O-O-O Be7 12. Kb1 Qa5 13. Nd2 Nd5 14. Nc4 Nxf4 15. Nxa5 Nxd3 16. Rxd3 O-O-O 17. Ne4 Nf6 18. Nc3 Nd5 19. Ne2 Kc7 20. g3 Rd7 21. Rhd1 Rhd8 22. Nc4 Bf6 23. Ne5 Bxe5 24. dxe5 b5 25. f4 a6 26. Kc1 Ne3 27. Rxd7+ Rxd7 28. Rxd7+ Kxd7 29. Kd2 Nf5 30. Kd3 h5 31. c4 c5 32. b3 Kc6 33. a3 Kb6 34. Kc3 bxc4 35. Kxc4 Kc6 36. Kd3 f6 37. Ke4 a5 38. exf6 gxf6 39. Kd3 Kd6 40. Ke4 a4 41. bxa4 c4 42. Kf3 Kc5 43. Nc3 Nd6 44. g4 hxg4+ 45. Kxg4 Kd4 46. Na2 e5 47. fxe5 fxe5 48. h5 e4 49. h6 e3 50. Nc1 Kc3 51. h7 Nf7 52. Kf3 Kd2 53. a5 Ng5+ 54. Kf4 Nxh7 55. a6 Kxc1 56. Kxe3 Kb2 57. a7 c3 1-0

[Event "DVM U14 2024"]
[Site "Heidelberg"]
[Date "2024.12.27"]
[Round "2"]
[White "Neumeier, Valentina"]
[Black "Klein, Deniz"]
[Result "1-0"]
[ECO "B23"]
[WhiteElo "1877"]
[BlackElo "1852"]
[Annotator "NA RC"]
[PlyCount "75"]
[EventDate "2024.12.23"]
[EventType "team-tourn"]
[EventRounds "7"]
[EventCountry "GER"]
[SourceTitle "playchess.com"]
[Source "ChessBase"]
[SourceQuality "1"]
[TimeControl "40/5400+30:1800+30"]

1. e4 c5 2. Nc3 a6 3. g3 b5 4. Bg2 Bb7 5. d3 e6 6. Nh3 d6 7. O-O Nd7 8. f4 b4 9. Ne2 Be7 10. f5 exf5 11. Rxf5 Bf6 12. Rf1 Qb6 13. Kh1 Ne7 14. Nhf4 Ng6 15. Nd5 Bxd5 16. exd5 O-O 17. c4 bxc3 18. bxc3 Nde5 19. Be3 Rfe8 20. Rb1 Qa5 21. Qd2 Re7 22. Bg1 Rae8 23. Rfe1 Bg5 24. Qxg5 Nxd3 25. Red1 Rxe2 26. Bf1 h6 27. Qf5 Re1 28. Qxd3 Rxd1 29. Rxd1 Qxa2 30. Qxa6 Qb3 31. Qd3 Ne5 32. Rb1 Qa2 33. Qd1 Ra8 34. Qb3 Qd2 35. Rd1 Qg5 36. Qb7 Ra2 37. Qb8+ Kh7 38. Qb1+ 1-0

[Event "DVM U14 2024"]
[Site "Heidelberg"]
[Date "2024.12.27"]
[Round "2"]
[White "Rodriguez Klasen, Ennio"]
[Black "Marcziter, Alex"]
[Result "0-1"]
[ECO "C77"]
[WhiteElo "1870"]
[BlackElo "2017"]
[Annotator "RC"]
[PlyCount "116"]
[EventDate "2024.12.23"]
[EventType "team-tourn"]
[EventRounds "7"]
[EventCountry "GER"]
[SourceTitle "playchess.com"]
[Source "ChessBase"]
[SourceQuality "1"]
[TimeControl "40/5400+30:1800+30"]

1. e4 e5 2. Nf3 Nc6 3. Bb5 a6 4. Ba4 Nf6 5. Bxc6 dxc6 6. d3 Bc5 7. O-O Bg4 8. Nbd2 Qe7 9. Nc4 Nd7 10. Ne3 Bxe3 11. fxe3 O-O-O 12. Qe1 g6 13. Qh4 Qxh4 14. Nxh4 Be6 15. b3 c5 16. a4 Rhe8 17. Bb2 f6 18. Rad1 Bg8 19. h3 Re6 20. Rf2 Rde8 21. g4 Rb6 22. Ba3 a5 23. Nf3 Rd6 24. Nd2 b6 25. Kg2 Be6 26. Rdf1 h6 27. Bb2 Rh8 28. Rxf6 Nxf6 29. Rxf6 Bd7 30. Bxe5 Rxf6 31. Bxf6 Re8 32. Bc3 Bc6 33. Nc4 Re6 34. Kg3 Kd7 35. Kh4 Ke7 36. Kg3 Bb7 37. Be5 Kd7 38. Bg7 g5 39. Bc3 Ba6 40. Ne5+ Kd6 41. Nf3 Bb7 42. h4 gxh4+ 43. Nxh4 c4 44. Nf5+ Kd7 45. Bg7 cxd3 46. cxd3 Ba6 47. d4 Rxe4 48. Bxh6 Be2 49. Bf4 Bd1 50. g5 Bxb3 51. g6 Bxa4 52. Be5 Bb3 53. Nh6 a4 54. Ng4 Ke7 55. Kf3 Bd5 56. Bf6+ Ke6 57. g7 Rxg4+ 58. Kxg4 Kxf6 0-1

[Event "DVM U14 2024"]
[Site "Heidelberg"]
[Date "2024.12.27"]
[Round "2"]
[White "Haertel, Leon"]
[Black "Ollhoff, Hannes"]
[Result "1/2-1/2"]
[ECO "D35"]
[WhiteElo "1839"]
[BlackElo "1801"]
[Annotator "NA RC"]
[PlyCount "60"]
[EventDate "2024.12.23"]
[EventType "team-tourn"]
[EventRounds "7"]
[EventCountry "GER"]
[SourceTitle "playchess.com"]
[Source "ChessBase"]
[SourceQuality "1"]
[TimeControl "40/5400+30:1800+30"]

1. d4 d5 2. c4 e6 3. Nc3 Nf6 4. cxd5 exd5 5. Bg5 c6 6. e3 Be7 7. Bd3 Bg4 8. Qc2 Bh5 9. Nge2 Bg6 10. O-O Nbd7 11. f3 Bxd3 12. Qxd3 O-O 13. e4 dxe4 14. Nxe4 Nd5 15. Bxe7 Qxe7 16. N2c3 N7f6 17. Rfe1 Rad8 18. Rad1 h6 19. Qd2 Qc7 20. Qf2 Qa5 21. Nxf6+ Nxf6 22. Re7 Qb4 23. Rde1 Nd5 24. Nxd5 Rxd5 25. h3 Rfd8 26. a3 Qb6 27. Re8+ Kh7 28. R8e7 R8d7 29. Rxd7 Rxd7 30. Re4 a6 1/2-1/2

[Event "DVM U14 2024"]
[Site "Heidelberg"]
[Date "2024.12.27"]
[Round "2"]
[White "Meng, Yuxuan"]
[Black "Roessler, Leo"]
[Result "0-1"]
[ECO "B07"]
[WhiteElo "1833"]
[BlackElo "1589"]
[Annotator "NA RC"]
[PlyCount "82"]
[EventDate "2024.12.23"]
[EventType "team-tourn"]
[EventRounds "7"]
[EventCountry "GER"]
[SourceTitle "playchess.com"]
[Source "ChessBase"]
[SourceQuality "1"]
[TimeControl "40/5400+30:1800+30"]

1. e4 d6 2. d4 Nf6 3. Nc3 g6 4. Be3 Bg7 5. f3 c6 6. Qd2 a6 7. O-O-O b5 8. Kb1 Bb7 9. h4 h5 10. Nh3 Nbd7 11. Bg5 Qc7 12. Nf2 Nb6 13. Bd3 O-O-O 14. Rhe1 e5 15. f4 exd4 16. Ne2 c5 17. Ng3 Rde8 18. e5 dxe5 19. fxe5 Nfd5 20. e6 Rxe6 21. Rxe6 fxe6 22. Ne2 e5 23. Bxg6 Nc4 24. Qd3 Nde3 25. Rg1 Qa5 26. Nd1 Nd2+ 27. Kc1 Ndc4 28. Nxe3 Nxe3 29. a3 c4 30. Qd2 Qxd2+ 31. Kxd2 Bh6 32. Bxh6 Rxh6 33. Bf7 Nxg2 34. Ng3 Nxh4 35. Rf1 Nf3+ 36. Ke2 h4 37. Nh1 Rf6 38. Bh5 d3+ 39. cxd3 Nd4+ 40. Ke1 Rxf1+ 41. Kxf1 Bxh1 0-1

[Event "DVM U14 2024"]
[Site "Heidelberg"]
[Date "2024.12.27"]
[Round "2"]
[White "Geschke, David"]
[Black "Muller, Anker"]
[Result "1/2-1/2"]
[ECO "D26"]
[WhiteElo "1831"]
[BlackElo "1744"]
[Annotator "NA RC"]
[PlyCount "73"]
[EventDate "2024.12.23"]
[EventType "team-tourn"]
[EventRounds "7"]
[EventCountry "GER"]
[SourceTitle "playchess.com"]
[Source "ChessBase"]
[SourceQuality "1"]
[TimeControl "40/5400+30:1800+30"]

1. d4 d5 2. c4 dxc4 3. e3 Nf6 4. Bxc4 e6 5. Nf3 a6 6. O-O c5 7. b3 Nc6 8. Bb2 Be7 9. dxc5 Qxd1 10. Rxd1 Bxc5 11. Nc3 Ke7 12. Kf1 b5 13. Be2 Bb7 14. Rac1 Bb6 15. Nd2 Rhd8 16. Bf3 Rac8 17. Nce4 Ba5 18. Ke2 Nb4 19. Ba3 Nxe4 20. Nxe4 Rxd1 21. Kxd1 Rd8+ 22. Ke2 Bxe4 23. Bxe4 f5 24. Bb7 Kf6 25. Bxb4 Bxb4 26. Bxa6 Rd2+ 27. Kf3 Ba3 28. Rc6 Rxa2 29. Bxb5 Bb4 30. Bd3 Be1 31. Rc2 Rxc2 32. Bxc2 Bb4 33. e4 Ke5 34. exf5 exf5 35. h3 h6 36. Ke3 f4+ 37. Kf3 1/2-1/2

[Event "DVM U14 2024"]
[Site "Heidelberg"]
[Date "2024.12.27"]
[Round "2"]
[White "Kovalyov, Dima"]
[Black "Zabashtanskyi, Andrii"]
[Result "1/2-1/2"]
[ECO "D11"]
[WhiteElo "1829"]
[BlackElo "1644"]
[Annotator "NA RC"]
[PlyCount "121"]
[EventDate "2024.12.23"]
[EventType "team-tourn"]
[EventRounds "7"]
[EventCountry "GER"]
[SourceTitle "playchess.com"]
[Source "ChessBase"]
[SourceQuality "1"]
[TimeControl "40/5400+30:1800+30"]

1. d4 Nf6 2. Nf3 d5 3. g3 Bf5 4. Bg2 e6 5. O-O Bd6 6. c4 c6 7. Nc3 O-O 8. Bg5 h6 9. Bxf6 Qxf6 10. Nh4 Bh7 11. e4 dxe4 12. Nxe4 Qe7 13. Qb3 Bxe4 14. Bxe4 Qc7 15. Rac1 Nd7 16. c5 Be7 17. Nf3 Nf6 18. Bb1 Nd5 19. Qd3 Nf6 20. b4 a6 21. Ne5 Rfd8 22. Rfd1 Rd5 23. Qc3 a5 24. a3 axb4 25. axb4 Rdd8 26. Nc4 Nd5 27. Qd3 f5 28. Qe2 Qd7 29. Re1 Bg5 30. Rcd1 Nc3 31. Qf3 Nxd1 32. Nb6 Qxd4 33. Nxa8 Nxf2 34. Qxf2 Qxf2+ 35. Kxf2 Rxa8 36. Rxe6 Bd2 37. b5 cxb5 38. Rb6 Bb4 39. Rxb5 Ba3 40. Kf3 Rc8 41. Bxf5 Rxc5 42. Be6+ Kh7 43. Rxb7 Re5 44. Bc4 Re8 45. Bd3+ Kh8 46. Kg2 Rd8 47. Be4 Bd6 48. Bg6 Be5 49. Re7 Bf6 50. Re8+ Rxe8 51. Bxe8 Kg8 52. h4 Kf8 53. Ba4 Ke7 54. Kh3 Ke6 55. Kg4 Ke5 56. Kh5 Ke4 57. g4 Kf4 58. g5 hxg5 59. hxg5 Bxg5 60. Kg6 Bf6 61. Bc2 1/2-1/2

[Event "DVM U14 2024"]
[Site "Heidelberg"]
[Date "2024.12.27"]
[Round "2"]
[White "Ahryzkov, Ivan"]
[Black "Nguyen, Bach Khoi"]
[Result "1-0"]
[ECO "B22"]
[WhiteElo "1813"]
[BlackElo "1590"]
[Annotator "NA RC"]
[PlyCount "83"]
[EventDate "2024.12.23"]
[EventType "team-tourn"]
[EventRounds "7"]
[EventCountry "GER"]
[SourceTitle "playchess.com"]
[Source "ChessBase"]
[SourceQuality "1"]
[TimeControl "40/5400+30:1800+30"]

1. e4 c5 2. c3 d5 3. exd5 Qxd5 4. d4 Nc6 5. Nf3 Bf5 6. Be3 cxd4 7. cxd4 Bxb1 8. Rxb1 Nf6 9. Qa4 a6 10. Bc4 Qa5+ 11. Qxa5 Nxa5 12. Bd3 e6 13. O-O Bd6 14. Ne5 Rc8 15. Rbc1 O-O 16. Bd2 Nc6 17. Nxc6 Rxc6 18. Rxc6 bxc6 19. Bxa6 Rb8 20. Rb1 Ne4 21. Be1 Ba3 22. Bd3 Rxb2 23. Rxb2 Bxb2 24. Bxe4 Bxd4 25. Bxc6 Bc5 26. a4 Kf8 27. a5 Ke7 28. a6 Kd6 29. Be4 f5 30. Bb7 g5 31. Kf1 Ba7 32. Bd2 f4 33. g3 e5 34. h4 h6 35. hxg5 hxg5 36. gxf4 gxf4 37. f3 Kc7 38. Bc3 Kd6 39. Ke2 Bb8 40. Kd3 e4+ 41. Kxe4 Ba7 42. Bd4 1-0

[Event "DVM U14 2024"]
[Site "Heidelberg"]
[Date "2024.12.27"]
[Round "2"]
[White "Allen, Phillipp"]
[Black "Pflug, Anton"]
[Result "1/2-1/2"]
[ECO "D35"]
[WhiteElo "1793"]
[BlackElo "1812"]
[Annotator "NA RC"]
[PlyCount "85"]
[EventDate "2024.12.23"]
[EventType "team-tourn"]
[EventRounds "7"]
[EventCountry "GER"]
[SourceTitle "playchess.com"]
[Source "ChessBase"]
[SourceQuality "1"]
[TimeControl "40/5400+30:1800+30"]

1. d4 d5 2. c4 e6 3. Nc3 Nf6 4. cxd5 exd5 5. Bg5 Be7 6. e3 c6 7. Bd3 O-O 8. Nge2 Nbd7 9. O-O h6 10. Bh4 Re8 11. Rb1 a5 12. a3 b5 13. b4 Nb6 14. f3 Nc4 15. Bxc4 dxc4 16. Bf2 axb4 17. axb4 Nd5 18. Nxd5 cxd5 19. Nc3 Qd7 20. e4 Bb7 21. Be3 Ra3 22. Qc1 Rea8 23. e5 Bc6 24. Qc2 Qd8 25. f4 Qf8 26. Bd2 Bxb4 27. Nxb5 Ra2 28. Bxb4 Rxc2 29. Bxf8 Raa2 30. Rf3 Rxg2+ 31. Kf1 Rxh2 32. Kg1 Kxf8 33. Nd6 Rhb2 34. Re1 Bd7 35. f5 Ra6 36. Nxf7 Kxf7 37. e6+ Kf6 38. exd7 Rb8 39. Re8 Raa8 40. Rfe3 c3 41. R8e6+ Kxf5 42. R6e5+ Kf4 43. Rxc3 1/2-1/2

[Event "DVM U14 2024"]
[Site "Heidelberg"]
[Date "2024.12.27"]
[Round "2"]
[White "Shevchenko, Igor"]
[Black "Riechenberg, Sebastian"]
[Result "0-1"]
[ECO "E46"]
[WhiteElo "1788"]
[BlackElo "2041"]
[Annotator "RC"]
[PlyCount "92"]
[EventDate "2024.12.23"]
[EventType "team-tourn"]
[EventRounds "7"]
[EventCountry "GER"]
[SourceTitle "playchess.com"]
[Source "ChessBase"]
[SourceQuality "1"]
[TimeControl "40/5400+30:1800+30"]

1. d4 Nf6 2. c4 e6 3. Nc3 Bb4 4. e3 O-O 5. Nge2 d5 6. cxd5 exd5 7. a3 Bd6 8. g3 c6 9. Bg2 Bf5 10. O-O Nbd7 11. f3 Re8 12. Qe1 Bg6 13. Qf2 c5 14. Nb5 Bb8 15. Rd1 a6 16. Nbc3 cxd4 17. exd4 Ba7 18. Nf4 Ne5 19. Nxg6 hxg6 20. Bf4 Nc6 21. Rac1 Na5 22. Rd3 Qd7 23. g4 Rac8 24. h4 Rc4 25. Rcd1 b5 26. b4 Nc6 27. g5 Nh7 28. Be3 Ne7 29. Ne2 Nf5 30. Bh3 Qc6 31. Bxf5 gxf5 32. Bf4 Nf8 33. h5 Rc2 34. R1d2 Ne6 35. Be3 Qc7 36. f4 Rxd2 37. Rxd2 Nd8 38. Rd3 Nb7 39. Kg2 Nd6 40. Ng3 Qe7 41. Qf3 Qe6 42. Bf2 Ne4 43. Qd1 Rc8 44. Qe1 Rc2 45. Nxe4 Qxe4+ 46. Qxe4 fxe4 0-1

[Event "DVM U14 2024"]
[Site "Heidelberg"]
[Date "2024.12.27"]
[Round "2"]
[White "Han, Erdem"]
[Black "Retzlaff, Kian"]
[Result "0-1"]
[ECO "E90"]
[WhiteElo "1751"]
[BlackElo "1826"]
[Annotator "NA RC"]
[PlyCount "98"]
[EventDate "2024.12.23"]
[EventType "team-tourn"]
[EventRounds "7"]
[EventCountry "GER"]
[SourceTitle "playchess.com"]
[Source "ChessBase"]
[SourceQuality "1"]
[TimeControl "40/5400+30:1800+30"]

1. d4 Nf6 2. c4 g6 3. Nc3 Bg7 4. e4 d6 5. Nf3 Bg4 6. Be2 Bxf3 7. Bxf3 e5 8. dxe5 dxe5 9. Qxd8+ Kxd8 10. Bg5 c6 11. O-O-O+ Ke7 12. Bg4 Bh6 13. Bxh6 Nxg4 14. Bg5+ f6 15. Be3 Nxe3 16. fxe3 Na6 17. a3 Rad8 18. Kc2 Nc7 19. Rhf1 Rxd1 20. Rxd1 Rd8 21. Rxd8 Kxd8 22. Kd3 Ke7 23. Ne2 Ne6 24. b4 h5 25. h4 Nd8 26. Ng3 Nf7 27. c5 b6 28. Kc4 Kd7 29. Kd3 Nh6 30. Kc3 Ng4 31. Kd2 Kc7 32. Kd3 Kb7 33. Nf1 Nf2+ 34. Kc4 Nxe4 35. cxb6 axb6 36. a4 Kc7 37. Nh2 Nf2 38. Nf3 Nd1 39. Kd3 Nb2+ 40. Ke4 Nxa4 41. Nxe5 fxe5 42. Kxe5 Nc3 43. Kf4 Nd5+ 44. Kg5 Nxe3 45. g3 Nf1 46. g4 hxg4 47. Kxg4 c5 48. bxc5 bxc5 49. Kg5 Ng3 0-1

[Event "DVM U14 2024"]
[Site "Heidelberg"]
[Date "2024.12.27"]
[Round "2"]
[White "Blumenthal Tuset, Sebastian"]
[Black "Draxler, Henning"]
[Result "1-0"]
[ECO "C66"]
[WhiteElo "1732"]
[BlackElo "1480"]
[Annotator "NA RC"]
[PlyCount "69"]
[EventDate "2024.12.23"]
[EventType "team-tourn"]
[EventRounds "7"]
[EventCountry "GER"]
[SourceTitle "playchess.com"]
[Source "ChessBase"]
[SourceQuality "1"]
[TimeControl "40/5400+30:1800+30"]

1. e4 e5 2. Nf3 Nc6 3. Bb5 Nf6 4. O-O d6 5. d4 exd4 6. e5 dxe5 7. Nxe5 Bd7 8. Nxd7 Qxd7 9. Re1+ Be7 10. Qe2 a6 11. Bxc6 bxc6 12. b3 Kf8 13. Bb2 c5 14. Na3 Nd5 15. Qf3 c6 16. Rad1 f6 17. Nc4 Bd6 18. c3 dxc3 19. Bxc3 Rd8 20. g4 Qc7 21. Ba5 Qd7 22. Bxd8 Qxd8 23. g5 Kf7 24. Qe4 Qd7 25. Nxd6+ Qxd6 26. Rd3 Rd8 27. Rf3 Rh8 28. Rh3 g6 29. gxf6 Nxf6 30. Qc4+ Kg7 31. Qe6 Qxe6 32. Rxe6 Rc8 33. Re7+ Kf8 34. Ra7 h5 35. Rf3 1-0

[Event "DVM U14 2024"]
[Site "Heidelberg"]
[Date "2024.12.27"]
[Round "2"]
[White "Yan, Haichen"]
[Black "Spielvogel, Oliver"]
[Result "1-0"]
[ECO "A84"]
[WhiteElo "1732"]
[BlackElo "1543"]
[Annotator "NA RC"]
[PlyCount "71"]
[EventDate "2024.12.23"]
[EventType "team-tourn"]
[EventRounds "7"]
[EventCountry "GER"]
[SourceTitle "playchess.com"]
[Source "ChessBase"]
[SourceQuality "1"]
[TimeControl "40/5400+30:1800+30"]

1. d4 d5 2. c4 e6 3. Nc3 c6 4. Nf3 f5 5. Bf4 Nf6 6. e3 Bd6 7. Bd3 Bxf4 8. exf4 O-O 9. O-O Ne4 10. Qc2 Nd7 11. Rab1 Qc7 12. g3 Ndf6 13. Ne5 Re8 14. Rfc1 Bd7 15. f3 Nd6 16. c5 Nf7 17. b4 a6 18. a4 Reb8 19. b5 axb5 20. axb5 Be8 21. b6 Qc8 22. Ra1 g6 23. Ra7 Nxe5 24. fxe5 Nd7 25. Rca1 Rxa7 26. bxa7 Ra8 27. Qa4 Qc7 28. Qa5 Qxa5 29. Rxa5 Kf8 30. Na4 Ke7 31. Nb6 Nxb6 32. cxb6 Bd7 33. f4 Kf7 34. h3 Kg7 35. g4 Be8 36. Ba6 1-0

[Event "DVM U14 2024"]
[Site "Heidelberg"]
[Date "2024.12.27"]
[Round "2"]
[White "Hahn, Julian"]
[Black "Sitnik, Arthur"]
[Result "1-0"]
[ECO "C77"]
[WhiteElo "1727"]
[BlackElo "1668"]
[Annotator "NA RC"]
[PlyCount "153"]
[EventDate "2024.12.23"]
[EventType "team-tourn"]
[EventRounds "7"]
[EventCountry "GER"]
[SourceTitle "playchess.com"]
[Source "ChessBase"]
[SourceQuality "1"]
[TimeControl "40/5400+30:1800+30"]

1. e4 e5 2. Nf3 Nc6 3. Bb5 a6 4. Ba4 Nf6 5. Nc3 Bc5 6. Bb3 d6 7. h3 h6 8. d3 O-O 9. Be3 Bb4 10. O-O Be6 11. Nd5 Bxd5 12. Bxd5 Nxd5 13. exd5 Ne7 14. a3 Ba5 15. b4 Bb6 16. Bxb6 cxb6 17. c4 f5 18. Nd2 Ng6 19. g3 Qg5 20. Kh2 f4 21. Ne4 fxg3+ 22. fxg3 Qe7 23. Qg4 Kh7 24. h4 Rad8 25. h5 Nh8 26. Kg2 g6 27. Qe6 Qxe6 28. dxe6 Rfe8 29. Nf6+ Kg7 30. Nxe8+ Rxe8 31. hxg6 Rxe6 32. Rf5 Nxg6 33. Raf1 Nh8 34. Kf3 e4+ 35. dxe4 Nf7 36. Ke3 Ng5 37. R1f4 Rg6 38. e5 Re6 39. Kd4 dxe5+ 40. Rxe5 Rd6+ 41. Kc3 Rd7 42. Rf1 Nf7 43. Re6 Nd6 44. Kb3 Nf7 45. Rxb6 Ne5 46. Re1 Nf3 47. Re3 Nd4+ 48. Kc3 Nc6 49. b5 axb5 50. cxb5 Ne7 51. Rd3 Rc7+ 52. Kb4 Nf5 53. g4 Ne7 54. Rdd6 Kf7 55. Rxh6 Nd5+ 56. Ka5 Kf8 57. Rbd6 Ne3 58. Kb6 Rf7 59. Rd4 Rg7 60. Rh8+ Ke7 61. Re4+ Kd6 62. Rd8+ Rd7 63. Rd4+ Nd5+ 64. Rxd5+ Kxd5 65. Rxd7+ Ke6 66. Rxb7 Kf6 67. a4 Kg5 68. a5 Kxg4 69. a6 Kf5 70. a7 Ke6 71. a8=Q Ke5 72. Qf8 Kd5 73. Rd7+ Ke5 74. Qe8+ Kf6 75. Rf7+ Kg6 76. Qg8+ Kh5 77. Rh7# 1-0

[Event "DVM U14 2024"]
[Site "Heidelberg"]
[Date "2024.12.27"]
[Round "2"]
[White "Freude, Paul"]
[Black "Fischermann, Simon"]
[Result "1-0"]
[ECO "C26"]
[WhiteElo "1714"]
[BlackElo "1899"]
[Annotator "NA RC"]
[PlyCount "51"]
[EventDate "2024.12.23"]
[EventType "team-tourn"]
[EventRounds "7"]
[EventCountry "GER"]
[SourceTitle "playchess.com"]
[Source "ChessBase"]
[SourceQuality "1"]
[TimeControl "40/5400+30:1800+30"]

1. e4 e5 2. Nc3 Nc6 3. g3 Bc5 4. Bg2 Nf6 5. Nge2 a6 6. d3 h6 7. O-O O-O 8. h3 $11 d6 9. Kh2 Nh5 10. Ng1 Nf6 11. f4 exf4 12. gxf4 Nh7 13. f5 Qh4 14. Rf4 Qd8 15. Nd5 Bd4 16. Nf3 Be5 17. Nxe5 dxe5 18. Rg4 Kh8 19. Rg3 Nf6 20. Nxf6 Qxf6 21. c3 Kh7 22. Qh5 Qd6 23. Bg5 Nd8 24. Rg1 Bd7 25. Bf3 Be8 26. Be7 1-0

[Event "DVM U14 2024"]
[Site "Heidelberg"]
[Date "2024.12.27"]
[Round "2"]
[White "Faerber, Anna"]
[Black "Kaplan, Arne"]
[Result "1/2-1/2"]
[ECO "B22"]
[WhiteElo "1698"]
[BlackElo "1710"]
[Annotator "NA RC"]
[PlyCount "61"]
[EventDate "2024.12.23"]
[EventType "team-tourn"]
[EventRounds "7"]
[EventCountry "GER"]
[SourceTitle "playchess.com"]
[Source "ChessBase"]
[SourceQuality "1"]
[TimeControl "40/5400+30:1800+30"]

1. e4 c5 2. c3 Nf6 3. e5 Nd5 4. Nf3 d6 5. exd6 e6 6. g3 Bxd6 7. Bg2 Nc6 8. O-O O-O 9. d4 cxd4 10. Nxd4 Nxd4 11. Qxd4 Nf6 12. Nd2 e5 13. Qe3 Re8 14. Nc4 Bc7 15. Qe2 Rb8 16. Be3 b6 17. Rfd1 Qe7 18. Qc2 Be6 19. Nd2 h6 20. Nf3 Rbd8 21. Re1 Qd7 22. Rad1 Qc8 23. Rxd8 Rxd8 24. Bd2 Bf5 25. Qa4 Bg4 26. Be3 Qb8 27. h3 Be6 28. Qh4 Nh7 29. Qa4 Nf6 30. Qh4 Nh7 31. Qa4 1/2-1/2